[Event "ESP-ch Teams Primera 2022"]
[Site "Sanxenxo Pontevedra"]
[Date "2022.09.17"]
[Round "1.17"]
[White "Bernabeu Lopez, Carlos Javier"]
[Black "Guadamuro Torrente, Anabel"]
[Result "1-0"]
[ECO "A11"]
[WhiteElo "2415"]
[BlackElo "2102"]
[Annotator "ChessBase"]
[PlyCount "61"]
[EventDate "2022.09.17"]
[EventType "team-tourn"]
[EventCountry "ESP"]
[SourceTitle "playchess.com"]
[Source "ChessBase"]
[SourceQuality "1"]
[TimeControl "5400+30"]

1. c4 c6 2. e4 e5 3. Nf3 d6 4. d4 Nd7 5. Nc3 Ngf6 6. Be2 Be7 7. O-O O-O 8. d5 c5 9. Ne1 Re8 10. Nd3 Bf8 11. Be3 a6 12. a4 Rb8 13. Kh1 h6 14. Qd2 Nb6 15. b3 Ng4 16. Bxg4 Bxg4 17. f3 Bd7 18. f4 exf4 19. Bxf4 Bg4 20. e5 Nd7 21. exd6 g5 22. Bg3 Bg7 23. Rac1 Qa5 24. Rfe1 Rbd8 25. Re7 Bf6 26. Qe1 Bxe7 27. dxe7 Ra8 28. d6 Qb6 29. Nd5 Qxb3 30. Ne5 Nxe5 31. Qxe5 1-0

[Event "ESP-ch Teams Primera 2022"]
[Site "Sanxenxo Pontevedra"]
[Date "2022.09.17"]
[Round "1.18"]
[White "Recuenco Andres, Javier"]
[Black "Calzetta Ruiz, Monica"]
[Result "1/2-1/2"]
[ECO "B24"]
[WhiteElo "1925"]
[BlackElo "2227"]
[Annotator "TA"]
[PlyCount "149"]
[EventDate "2022.09.17"]
[EventType "team-tourn"]
[EventCountry "ESP"]
[SourceTitle "playchess.com"]
[Source "ChessBase"]
[SourceQuality "1"]
[TimeControl "5400+30"]

1. e4 c5 2. Nc3 Nc6 3. Bc4 e6 4. a3 Nf6 5. Ba2 d5 6. exd5 {[%emt 0:04:21] B20: Sicilian: Unusual White 2nd moves.} exd5 7. d3 Be7 8. h3 {[%emt 0:01:32] The position is equal.} O-O 9. Nf3 Be6 {[%emt 0:18:18] [#]} 10. Bf4 $146 ({Predecessor:} 10. O-O Qd7 11. Nh2 Rad8 12. Ne2 Rfe8 13. Nf4 Bd6 14. c3 Qc7 15. g3 Qd7 16. Nxe6 Rxe6 {0-1 (22) Gonzalez,C-Campero,A Bolivar 2001}) 10... Re8 11. Ne2 b5 12. O-O a5 13. Ng5 Bd7 14. Bh2 (14. Nc3 $5 ) 14... Ra6 15. Nf4 ({White should try} 15. Nf3 $11) 15... Nd4 (15... Bd6 $15 16. Nf3 Ne7) 16. c3 $11 Ne6 17. Ngxe6 fxe6 18. Re1 b4 19. Qf3 Rf8 20. Qe2 (20. axb4 $11 {is superior.} axb4 21. Bb3 Rxa1 22. Rxa1) 20... Bd6 $15 21. Kh1 (21. Bg3 $15) 21... Qb8 $1 $19 22. g3 (22. Qe3) 22... b3 23. Bb1 e5 {[%emt 0:01:05] Against d4} 24. Nh5 (24. Ng2 $142 d4 25. g4) 24... Nxh5 25. d4 Nf6 26. dxe5 (26. Qxa6 $2 Bb5 27. Qxa5 Bc7 28. Qxc7 Qxc7 $19) 26... Re8 $2 27. Qxa6 $11 Bb5 $2 28. Bxh7+ $2 (28. Qxa5 $2 Bc7 29. Qxc7 (29. Bxh7+ $2 Nxh7 30. Qxb5 Qxb5 $19) 29... Qxc7 $19) ({Only move:} 28. Qxd6 $18 Qxd6 29. Bxh7+ $1 Kxh7 30. exd6) 28... Kxh7 $4 (28... Nxh7 $17 {stays on course.} 29. Qxd6 Qb7) 29. Qxd6 $18 Qxd6 30. exd6 {[%emt 0:00:12] aiming for Rxe8.} Be2 $2 (30... Ne4 31. g4 Nxf2+ 32. Kg2 Ne4) 31. Kg1 d4 32. cxd4 cxd4 33. f3 d3 34. Kf2 Rc8 35. g4 Rc2 36. g5 Nd7 37. Bf4 Rxb2 38. Rac1 {[%emt 0:00:19] Hoping for Rc7.} (38. Rab1 Ra2 39. h4 Kg6 $18) 38... Rc2 39. Rxc2 dxc2 {[%emt 0:00:52][%mdl 4096] Endgame KRB-KBN} 40. Bc1 (40. Rxe2 $2 b2 41. Rxc2 (41. g6+ $2 Kxg6 42. Rxc2 b1=Q $19) 41... b1=Q $19) 40... Bb5 41. Re7 Nc5 42. Ke3 Nd3 43. d7 Nxc1 44. d8=Q (44. g6+ $142 Kxg6 45. d8=Q) 44... Nd3 45. Rc7 {[%emt 0:00:42] White threatens Qd5 and mate.} b2 46. g6+ Kxg6 {[%emt 0:00:37] [#]} 47. Qd6+ $2 ({White must play} 47. Rc6+ $3 $18 Bxc6 48. Qxd3+ Kf7 49. Qc4+ Kf8 50. Qxc2) 47... Kh7 $2 {[%emt 0:00:13][%mdl 8192] [#]} (47... Kh5 $1 $11 48. Qd5+ Kh6 49. Qd6+ (49. Qxb5 $2 c1=Q+ 50. Rxc1 bxc1=Q+ $19) 49... Kh5 50. Qd5+ Kh6 51. Qd6+ (51. Qxb5 $2 c1=Q+ 52. Rxc1 bxc1=Q+ $19) 51... Kh5) 48. Rxc2 $4 (48. Rxg7+ $1 $18 {is the narrow road to win.} Kxg7 49. Qc7+ Kh6 50. Qxc2) 48... b1=Q $19 49. Rg2 Qc1+ (49... Ne1 $142 50. Rg3 Qc2 51. Rxg7+ (51. Qe5 Qe2+ 52. Kd4 Nc2+ 53. Kc3 Qxe5+ 54. Kxc2 Qe2+ 55. Kc3 Qd3+ 56. Kb2 Qd2+ 57. Kb1 Bd3+ 58. Ka1 Qc1+ 59. Ka2 Bc4#) 51... Kxg7 52. Qe7+ Kg6 53. Qe6+ Kg7 54. Qe5+ Kh6 55. Qf6+ Qg6 56. Qh8+ Qh7 57. Qf6+ Kh5 58. Qe5+ Kh4 59. Qxb5 Ng2+ 60. Kd4 Nf4 61. Qxa5 Qd3+ 62. Kc5 Qf5+ 63. Kb4 Nd5+ 64. Ka4 Qc2+ 65. Kb5 Qe2+ 66. Kc5 Qe3+ 67. Kc6 Qe6+ 68. Kc5 Qe3+ 69. Kc6 Qe6+ 70. Kc5 Kg3) 50. Kd4 {[%emt 0:00:15] Threatening mate with Qg6+.} Qc4+ ({Worse is} 50... Nf4 51. Rg4 Qc4+ 52. Ke5 Nd3+ 53. Kf5 Qf7+ 54. Kg5 $17) 51. Ke3 {[%emt 0:00:32] [#] Intending Qg6+ and mate. Really sharp!} Nf4 {[%emt 0:00:27][%mdl 8192] Prevents Qg6+.} 52. Qxf4 $18 {[%emt 0:00:29] KQR-KQB} Qc1+ 53. Rd2 {[%emt 0:00:16] And now Qf5+ would win.} ({Wrong is} 53. Ke4 $2 {[#]} Bd3+ $1 54. Kxd3 Qxf4 $19) 53... Qxa3+ $2 (53... Qg1+ 54. Ke4 Bc6+ 55. Ke5 Qc5+ 56. Ke6 Qh5 57. Qf5+ Qxf5+ 58. Kxf5 Bxf3) 54. Kf2 {[%emt 0:00:13] White wants to mate with Qf5+.} Qc5+ 55. Qd4 Qxd4+ (55... Qe7 56. Qd5 Qe8 57. Qf5+ Kg8) 56. Rxd4 {[%emt 0:00:09] KR-KB} a4 57. Rd5 Bc4 58. Ra5 Bb3 59. Kg3 Kg6 60. Kf4 Kh6 61. h4 (61. Ke5 $142 Kh5 62. f4) 61... g6 $2 (61... Bd1 62. Ra6+ Kh5) 62. Ke3 Bc2 63. Kd4 Bb3 64. Kc3 $2 (64. Ra7 Bd1 65. Ke4) 64... Bd1 {[%emt 0:00:09] White is clearly better.} 65. f4 Kg7 66. Rg5 {[%emt 0:00:36] Strongly threatening f5.} Kh6 67. f5 gxf5 68. Rxf5 Bb3 69. Ra5 Kg6 70. Kd4 Bc2 71. Ke3 Kh6 72. Kf4 Bb3 73. Kg3 Bd1 74. Rd5 Bb3 75. Ra5 $2 {Weighted Error Value: White=0.36/Black=0.62} ({White should play} 75. Rb5 $18) 1/2-1/2

[Event "ESP-ch Teams Primera 2022"]
[Site "Sanxenxo Pontevedra"]
[Date "2022.09.17"]
[Round "1.19"]
[White "Vazquez Igarza, Renier"]
[Black "Vallejo Pons, Francisco"]
[Result "1/2-1/2"]
[ECO "A40"]
[WhiteElo "2535"]
[BlackElo "2711"]
[Annotator "ChessBase"]
[PlyCount "65"]
[EventDate "2022.09.17"]
[EventType "team-tourn"]
[EventCountry "ESP"]
[SourceTitle "playchess.com"]
[Source "ChessBase"]
[SourceQuality "1"]
[TimeControl "5400+30"]

1. d4 e6 2. c4 b6 3. e4 Bb4+ 4. Bd2 Bxd2+ 5. Qxd2 d5 6. Bd3 Nc6 7. Ne2 dxe4 8. Bxe4 Bb7 9. Nbc3 Nf6 10. Bxc6+ Bxc6 11. O-O-O O-O 12. f3 Rb8 13. Nf4 b5 14. d5 exd5 15. cxb5 Bxb5 16. Nfxd5 Bc6 17. Ne3 Qc8 18. Qd4 Bd7 19. Rd2 c5 20. Qf4 Rb4 21. Qd6 Rb6 22. Qf4 Rb4 23. Qd6 Rb6 24. Qf4 Be6 25. Rhd1 Re8 26. Nc2 h6 27. g4 Nh7 28. h4 Nf8 29. h5 Nh7 30. Qa4 Nf6 31. Qf4 Nh7 32. Qa4 Nf6 33. Qf4 1/2-1/2

[Event "ESP-ch Teams Primera 2022"]
[Site "Sanxenxo Pontevedra"]
[Date "2022.09.17"]
[Round "1.20"]
[White "Narayanan.S.L"]
[Black "Pulvett Marin, Daniel Eduardo"]
[Result "1-0"]
[ECO "E71"]
[WhiteElo "2657"]
[BlackElo "2497"]
[Annotator "ChessBase"]
[PlyCount "103"]
[EventDate "2022.09.17"]
[EventType "team-tourn"]
[EventCountry "ESP"]
[SourceTitle "playchess.com"]
[Source "ChessBase"]
[SourceQuality "1"]
[TimeControl "5400+30"]

1. d4 Nf6 2. c4 g6 3. Nc3 Bg7 4. e4 d6 5. h3 O-O 6. Be3 e5 7. d5 Na6 8. Nf3 Nh5 9. a3 f5 10. b4 Kh8 11. Rc1 c5 12. Rb1 h6 13. Bd3 Nf4 14. Bxf4 exf4 15. Ne2 Qf6 16. O-O g5 17. exf5 Bxf5 18. Bxf5 Qxf5 19. bxc5 Nxc5 20. Ned4 Qg6 21. Ne6 Nxe6 22. dxe6 Qxe6 23. Rxb7 Rfb8 24. Qb1 Rxb7 25. Qxb7 Rc8 26. Re1 Qxc4 27. Qxa7 Qc6 28. Qf7 Rf8 29. Qg6 Qd7 30. Re6 Qf7 31. Qe4 Qf5 32. Qe2 d5 33. a4 d4 34. Rd6 Rc8 35. Kh2 Qb1 36. Qe6 Rg8 37. Nxd4 f3 38. Nxf3 Rf8 39. Rc6 Qb8+ 40. Kg1 Re8 41. Qc4 Qb1+ 42. Kh2 Qf5 43. Rc5 Qd7 44. a5 Qd6+ 45. g3 Qb8 46. Kg2 Rf8 47. Qd5 Qa7 48. Rc6 Qe7 49. a6 Qa3 50. Ne5 Rxf2+ 51. Kxf2 Qb2+ 52. Kf3 1-0

[Event "ESP-ch Teams Primera 2022"]
[Site "Sanxenxo Pontevedra"]
[Date "2022.09.17"]
[Round "1.21"]
[White "Alonso Garcia, Aaron"]
[Black "Fier, Alexandr"]
[Result "1/2-1/2"]
[ECO "B66"]
[WhiteElo "2427"]
[BlackElo "2583"]
[Annotator "ChessBase"]
[PlyCount "99"]
[EventDate "2022.09.17"]
[EventType "team-tourn"]
[EventCountry "ESP"]
[SourceTitle "playchess.com"]
[Source "ChessBase"]
[SourceQuality "1"]
[TimeControl "5400+30"]

1. e4 c5 2. Nf3 d6 3. d4 cxd4 4. Nxd4 Nf6 5. Nc3 Nc6 6. Bg5 e6 7. Qd2 a6 8. Nxc6 bxc6 9. O-O-O Be7 10. Bxf6 gxf6 11. Bc4 Bb7 12. Bb3 Qc7 13. f4 O-O-O 14. f5 exf5 15. Qf2 fxe4 16. Nxe4 d5 17. Nc5 Bxc5 18. Qxc5 Rhe8 19. Rd2 Re4 20. c4 Qd6 21. Qxd6 Rxd6 22. cxd5 cxd5 23. Bc2 Rh4 24. g3 Rh5 25. h4 h6 26. Rf1 Re5 27. Rdf2 Re3 28. Rxf6 Rxf6 29. Rxf6 Rxg3 30. Rxh6 Rg1+ 31. Bd1 Kd7 32. Rb6 Bc6 33. Rxa6 d4 34. Ra3 Kd6 35. Rh3 Bd7 36. Rd3 Ke5 37. Kd2 Rg2+ 38. Ke1 Rxb2 39. Rd2 Rb1 40. Kf2 Bf5 41. h5 d3 42. Ke3 Be4 43. h6 f5 44. Bf3 Rf1 45. Bxe4 fxe4 46. Rh2 Re1+ 47. Kd2 Rb1 48. Ke3 Re1+ 49. Kd2 Rb1 50. Ke3 1/2-1/2

[Event "ESP-ch Teams Primera 2022"]
[Site "Sanxenxo Pontevedra"]
[Date "2022.09.17"]
[Round "1.22"]
[White "Glavina, Pablo"]
[Black "Quispe Arteaga, Gabriel"]
[Result "1/2-1/2"]
[ECO "A46"]
[WhiteElo "2400"]
[BlackElo "2373"]
[Annotator "ChessBase"]
[PlyCount "74"]
[EventDate "2022.09.17"]
[EventType "team-tourn"]
[EventCountry "ESP"]
[SourceTitle "playchess.com"]
[Source "ChessBase"]
[SourceQuality "1"]
[TimeControl "5400+30"]

1. d4 Nf6 2. Nf3 e6 3. g3 b5 4. Bg2 Bb7 5. Bg5 h6 6. Bxf6 Qxf6 7. O-O c5 8. c3 Qd8 9. Nbd2 Be7 10. e4 O-O 11. Qe2 Qb6 12. Rfe1 cxd4 13. cxd4 Nc6 14. Nb3 Rac8 15. Bf1 a6 16. Rac1 Na5 17. Nbd2 Nc6 18. Nb3 Na5 19. Nbd2 Rxc1 20. Rxc1 Rc8 21. Qd1 Rxc1 22. Qxc1 Nc6 23. Qc3 Qa5 24. Qxa5 Nxa5 25. Bd3 Nc6 26. a3 d6 27. Kf1 Bd8 28. b4 Bb6 29. Nb3 Kf8 30. Ke2 f6 31. h4 g5 32. hxg5 hxg5 33. g4 Bc8 34. Bc2 e5 35. d5 Ne7 36. Nh2 Ng6 37. f3 Nf4+ 1/2-1/2

[Event "ESP-ch Teams Primera 2022"]
[Site "Sanxenxo Pontevedra"]
[Date "2022.09.17"]
[Round "1.23"]
[White "Ruiz Buendia, Miguel"]
[Black "Quintin Navarro, Alberto"]
[Result "0-1"]
[ECO "C54"]
[WhiteElo "2293"]
[BlackElo "2372"]
[Annotator "ChessBase"]
[PlyCount "114"]
[EventDate "2022.09.17"]
[EventType "team-tourn"]
[EventCountry "ESP"]
[SourceTitle "playchess.com"]
[Source "ChessBase"]
[SourceQuality "1"]
[TimeControl "5400+30"]

1. e4 e5 2. Nf3 Nc6 3. Bc4 Bc5 4. c3 Nf6 5. d4 exd4 6. e5 d5 7. Bb5 Ne4 8. cxd4 Bb6 9. Nc3 Bg4 10. Be3 O-O 11. h3 Bh5 12. Qc2 Nxc3 13. bxc3 f6 14. exf6 Qxf6 15. Be2 Qf7 16. O-O Bxf3 17. Bxf3 Ne7 18. a4 c6 19. Rae1 Nf5 20. Bc1 Bc7 21. Be2 Rfe8 22. Bd3 g6 23. Rxe8+ Rxe8 24. g4 Nd6 25. f4 Qf6 26. f5 g5 27. Qd2 h6 28. Re1 Ne4 29. Qg2 Qd6 30. Bxe4 dxe4 31. Be3 Qa3 32. Qc2 Qd6 33. Qf2 Kf7 34. h4 Kf6 35. Kf1 b6 36. Rd1 Qg3 37. Qxg3 Bxg3 38. hxg5+ hxg5 39. Kg2 Bf4 40. Bf2 e3 41. Re1 c5 42. Bg1 cxd4 43. cxd4 Re4 44. Kf3 Rxd4 45. Bxe3 Rxa4 46. Bxf4 Rxf4+ 47. Kg3 Rb4 48. Re6+ Kf7 49. Rg6 Rb3+ 50. Kf2 a5 51. Rxg5 a4 52. Rh5 Rb5 53. Rh7+ Kg8 54. Rc7 a3 55. Rc3 a2 56. Rc1 Rb1 57. Rc8+ Kf7 0-1

[Event "ESP-ch Teams Primera 2022"]
[Site "Sanxenxo Pontevedra"]
[Date "2022.09.17"]
[Round "1.24"]
[White "Vega Gutierrez, Sabrina"]
[Black "Pablos Tenrero, Raquel"]
[Result "1-0"]
[ECO "B32"]
[WhiteElo "2395"]
[BlackElo "1985"]
[Annotator "ChessBase"]
[PlyCount "95"]
[EventDate "2022.09.17"]
[EventType "team-tourn"]
[EventCountry "ESP"]
[SourceTitle "playchess.com"]
[Source "ChessBase"]
[SourceQuality "1"]
[TimeControl "5400+30"]

1. e4 c5 2. Nf3 Nc6 3. d4 cxd4 4. Nxd4 e5 5. Nb5 d6 6. c4 Be6 7. N5c3 g6 8. Bd3 Bg7 9. O-O Nge7 10. Nd5 O-O 11. Nbc3 Nd4 12. Bg5 f6 13. Be3 Nxd5 14. cxd5 Bd7 15. Bxd4 exd4 16. Ne2 Qb6 17. Nf4 f5 18. exf5 Bxf5 19. Ne6 Bxe6 20. dxe6 Rae8 21. f4 Qd8 22. Qg4 Qe7 23. Rae1 Rf6 24. Re2 Ref8 25. g3 Kh8 26. h4 Re8 27. Rfe1 a6 28. h5 gxh5 29. Qxh5 Rh6 30. Qg4 Rg8 31. Rh2 Rxh2 32. Kxh2 Bf6 33. Qh5 Rg7 34. g4 Qf8 35. Qf5 Qd8 36. Re2 Be7 37. Kg3 Qg8 38. Rh2 b5 39. Kf3 Qa8+ 40. Be4 Qg8 41. Rh6 Bd8 42. Qh5 Be7 43. Bxh7 Rxh7 44. Rxh7+ Qxh7 45. Qe8+ Qg8 46. Qxe7 Qa8+ 47. Kg3 Qe4 48. Qf8+ 1-0

[Event "ESP-ch Teams Primera 2022"]
[Site "Sanxenxo Pontevedra"]
[Date "2022.09.18"]
[Round "2.1"]
[White "Bacrot, Etienne"]
[Black "Vallejo Pons, Francisco"]
[Result "1/2-1/2"]
[ECO "B48"]
[WhiteElo "2647"]
[BlackElo "2711"]
[Annotator "ChessBase"]
[PlyCount "61"]
[EventDate "2022.09.17"]
[EventType "team-tourn"]
[EventCountry "ESP"]
[SourceTitle "playchess.com"]
[Source "ChessBase"]
[SourceQuality "1"]
[TimeControl "5400+30"]

1. e4 c5 2. Nf3 e6 3. d4 cxd4 4. Nxd4 Nc6 5. Nc3 Qc7 6. Be3 a6 7. Nxc6 bxc6 8. Qf3 Nf6 9. Qg3 Qb8 10. Bd4 c5 11. Be5 d6 12. Bxf6 gxf6 13. Be2 h5 14. h4 d5 15. exd5 Qxg3 16. fxg3 Rb8 17. dxe6 fxe6 18. O-O-O Rb4 19. b3 Rd4 20. Rhe1 Kf7 21. Na4 Bd6 22. c3 Rxd1+ 23. Rxd1 Ke7 24. Bf3 f5 25. Nb6 Bxg3 26. Kc2 Bxh4 27. Rh1 Bf6 28. Rxh5 Rxh5 29. Nxc8+ Kd8 30. Bxh5 Kxc8 31. Kd3 1/2-1/2

[Event "ESP-ch Teams Primera 2022"]
[Site "Sanxenxo Pontevedra"]
[Date "2022.09.18"]
[Round "2.2"]
[White "Narayanan.S.L"]
[Black "Naiditsch, Arkadij"]
[Result "0-1"]
[ECO "E51"]
[WhiteElo "2657"]
[BlackElo "2666"]
[Annotator "ChessBase"]
[PlyCount "76"]
[EventDate "2022.09.17"]
[EventType "team-tourn"]
[EventCountry "ESP"]
[SourceTitle "playchess.com"]
[Source "ChessBase"]
[SourceQuality "1"]
[TimeControl "5400+30"]

1. d4 Nf6 2. c4 e6 3. Nc3 Bb4 4. e3 O-O 5. Nf3 d5 6. Bd2 b6 7. cxd5 exd5 8. Rc1 Re8 9. Ne5 Bb7 10. Bd3 Nbd7 11. f4 c5 12. O-O a5 13. Be1 Bxc3 14. bxc3 Ba6 15. Bh4 Bxd3 16. Qxd3 c4 17. Qb1 Qc7 18. Qb5 a4 19. Rb1 Ra5 20. Qc6 Qxc6 21. Nxc6 Ra6 22. Ne5 Nxe5 23. dxe5 Ne4 24. Rfc1 f6 25. Rb5 Rd8 26. f5 Kf8 27. e6 g6 28. g4 h5 29. h3 hxg4 30. hxg4 gxf5 31. gxf5 Ke7 32. Kg2 Rg8+ 33. Kf3 Kd6 34. Be1 Kc6 35. Rb4 b5 36. Bh4 Ra7 37. Rcb1 Nd2+ 38. Kf4 Rag7 0-1

[Event "ESP-ch Teams Primera 2022"]
[Site "Sanxenxo Pontevedra"]
[Date "2022.09.18"]
[Round "2.3"]
[White "Ponomariov, Ruslan"]
[Black "Fier, Alexandr"]
[Result "1-0"]
[ECO "B24"]
[WhiteElo "2640"]
[BlackElo "2583"]
[Annotator "ChessBase"]
[PlyCount "91"]
[EventDate "2022.09.17"]
[EventType "team-tourn"]
[EventCountry "ESP"]
[SourceTitle "playchess.com"]
[Source "ChessBase"]
[SourceQuality "1"]
[TimeControl "5400+30"]

1. e4 c5 2. Nc3 Nc6 3. Bb5 Nd4 4. Nf3 a6 5. Bd3 Nc6 6. O-O d6 7. Bc4 Nf6 8. d4 Bg4 9. dxc5 e6 10. cxd6 Bxd6 11. h3 Bh5 12. Be3 Qc7 13. Be2 Rd8 14. Nd2 Bxe2 15. Qxe2 Be5 16. Nc4 Bd4 17. Rad1 b5 18. e5 Nxe5 19. Bxd4 Nxc4 20. b3 Nb6 21. Be5 Qc6 22. Rxd8+ Kxd8 23. a4 bxa4 24. Qxa6 Nfd7 25. Rd1 Ke7 26. Bd6+ Kf6 27. Qd3 g6 28. Nxa4 Nxa4 29. bxa4 Rc8 30. Ba3 Rc7 31. a5 Kg7 32. a6 e5 33. Bc1 Nc5 34. Qe3 Nxa6 35. Qh6+ Kf6 36. Bg5+ Ke6 37. Qg7 Kf5 38. Bd8 h5 39. Bxc7 Qxc7 40. Rd3 Ke6 41. Qf8 Nc5 42. Rc3 Kd5 43. Qa8+ Kd4 44. Qa3 Qb6 45. Rxc5 Qxc5 46. Qd3# 1-0

[Event "ESP-ch Teams Primera 2022"]
[Site "Sanxenxo Pontevedra"]
[Date "2022.09.18"]
[Round "2.4"]
[White "Adla, Diego"]
[Black "Franco Alonso, Alejandro"]
[Result "0-1"]
[ECO "A28"]
[WhiteElo "2393"]
[BlackElo "2432"]
[Annotator "ChessBase"]
[PlyCount "120"]
[EventDate "2022.09.17"]
[EventType "team-tourn"]
[EventCountry "ESP"]
[SourceTitle "playchess.com"]
[Source "ChessBase"]
[SourceQuality "1"]
[TimeControl "5400+30"]

1. c4 e5 2. Nc3 Nf6 3. Nf3 Nc6 4. e4 Bb4 5. d3 d6 6. Be2 Bc5 7. Nd2 Ng4 8. Bxg4 Qh4 9. g3 Qxg4 10. Qxg4 Bxg4 11. h3 Be6 12. Nb3 O-O-O 13. Ke2 f5 14. Be3 b6 15. f3 Rhf8 16. Nxc5 dxc5 17. g4 fxe4 18. fxe4 Nd4+ 19. Bxd4 cxd4 20. Nb1 h5 21. gxh5 Bf7 22. Nd2 Bxh5+ 23. Ke1 Rf4 24. Rg1 Rdf8 25. Rg5 g6 26. Rg2 Rh4 27. Rg3 g5 28. Nf1 Rf3 29. Rxf3 Bxf3 30. Rc1 Rxh3 31. Rc2 Kd7 32. Rh2 Rxh2 33. Nxh2 Bh5 34. Nf1 Ke7 35. Ng3 Bg4 36. Kd2 Kf6 37. Ke1 Kg6 38. Kf2 Bd1 39. Nf5 Bc2 40. Ke2 g4 41. Ne7+ Kg5 42. Nc6 Kf4 43. Nb4 Bb1 44. Nd5+ Kg3 45. Nxc7 Kh2 46. Ne6 g3 47. Ng5 g2 48. Nf3+ Kg3 49. Ng1 Bxa2 50. b4 a5 51. c5 bxc5 52. bxa5 Be6 53. a6 Bc8 54. a7 Bb7 55. Ke1 Ba8 56. Ke2 c4 57. dxc4 Bxe4 58. Ke1 Ba8 59. Ke2 e4 60. Ke1 d3 0-1

[Event "ESP-ch Teams Primera 2022"]
[Site "Sanxenxo Pontevedra"]
[Date "2022.09.18"]
[Round "2.5"]
[White "Gonzalez De La Torre, Santiago"]
[Black "Glavina, Pablo"]
[Result "1/2-1/2"]
[ECO "C78"]
[WhiteElo "2439"]
[BlackElo "2400"]
[Annotator "ChessBase"]
[PlyCount "117"]
[EventDate "2022.09.17"]
[EventType "team-tourn"]
[EventCountry "ESP"]
[SourceTitle "playchess.com"]
[Source "ChessBase"]
[SourceQuality "1"]
[TimeControl "5400+30"]

1. e4 e5 2. Nf3 Nc6 3. Bb5 a6 4. Ba4 Nf6 5. O-O b5 6. Bb3 Bc5 7. c3 d6 8. a4 Rb8 9. d4 Bb6 10. Na3 O-O 11. axb5 axb5 12. Nxb5 Bg4 13. Be3 Qd7 14. h3 Bh5 15. Bc2 exd4 16. Nbxd4 Ne5 17. Kh2 Bxd4 18. cxd4 Nxf3+ 19. gxf3 Rxb2 20. Rg1 Kh8 21. d5 Qe7 22. Bd4 Rbb8 23. Qd2 Bg6 24. Rae1 Nd7 25. f4 f6 26. Rg3 Qf7 27. Reg1 Bh5 28. Qc3 Rg8 29. Qd3 Nf8 30. e5 fxe5 31. fxe5 dxe5 32. Bxe5 Bg6 33. Qd4 Rb6 34. f4 Nd7 35. Bxg6 Rxg6 36. Rxg6 hxg6 37. Bxc7 Rc8 38. Be5 Rc2+ 39. Rg2 Rxg2+ 40. Kxg2 Kh7 41. Kg3 Kg8 42. h4 Kh7 43. Kf3 Qe7 44. Kg3 Qf7 45. d6 Qb3+ 46. Kg2 Qa2+ 47. Kf3 Qb3+ 48. Ke2 Qc2+ 49. Ke3 Qb3+ 50. Kd2 Qa2+ 51. Kc3 Qa3+ 52. Kc4 Qa4+ 53. Kd3 Qb3+ 54. Qc3 Qd5+ 55. Ke3 Nc5 56. Qd4 Qb3+ 57. Qc3 Qd5 58. Qd4 Qb3+ 59. Qc3 1/2-1/2

[Event "ESP-ch Teams Primera 2022"]
[Site "Sanxenxo Pontevedra"]
[Date "2022.09.18"]
[Round "2.6"]
[White "Vega Gutierrez, Sabrina"]
[Black "Buiza Prieto, Eihartze"]
[Result "1-0"]
[ECO "C95"]
[WhiteElo "2395"]
[BlackElo "2080"]
[Annotator "ChessBase"]
[PlyCount "87"]
[EventDate "2022.09.17"]
[EventType "team-tourn"]
[EventCountry "ESP"]
[SourceTitle "playchess.com"]
[Source "ChessBase"]
[SourceQuality "1"]
[TimeControl "5400+30"]

1. e4 e5 2. Nf3 Nc6 3. Bb5 a6 4. Ba4 Nf6 5. O-O Be7 6. Re1 b5 7. Bb3 d6 8. c3 O-O 9. h3 Nb8 10. d4 Nbd7 11. c4 Bb7 12. Nc3 bxc4 13. Bxc4 c6 14. Bf1 Re8 15. Qc2 exd4 16. Nxd4 Bf8 17. Bg5 d5 18. Nf5 h6 19. Bf4 Nxe4 20. Nxe4 dxe4 21. Rad1 Qf6 22. Rxd7 Bc8 23. Rc7 Qxf5 24. Bg3 c5 25. Bc4 Be6 26. Qxe4 Qxe4 27. Rxe4 Bxc4 28. Rxc4 Re2 29. Rb7 Rd8 30. Ra4 Rdd2 31. Rxa6 Rxb2 32. Rxb2 Rxb2 33. Ra8 Rb1+ 34. Kh2 Rd1 35. a4 f6 36. a5 Kf7 37. a6 Ra1 38. Bc7 c4 39. Bb6 c3 40. a7 Bd6+ 41. g3 c2 42. Rc8 Be7 43. Rxc2 Bd8 44. Bd4 1-0

[Event "ESP-ch Teams Primera 2022"]
[Site "Sanxenxo Pontevedra"]
[Date "2022.09.18"]
[Round "2.7"]
[White "Espinosa Aranda, Angel"]
[Black "Vazquez Igarza, Renier"]
[Result "1/2-1/2"]
[ECO "B22"]
[WhiteElo "2428"]
[BlackElo "2535"]
[Annotator "ChessBase"]
[PlyCount "75"]
[EventDate "2022.09.17"]
[EventType "team-tourn"]
[EventCountry "ESP"]
[SourceTitle "playchess.com"]
[Source "ChessBase"]
[SourceQuality "1"]
[TimeControl "5400+30"]

1. e4 c5 2. c3 Nf6 3. e5 Nd5 4. Nf3 Nc6 5. d4 cxd4 6. Bc4 Nb6 7. Bb3 d5 8. exd6 Qxd6 9. O-O Be6 10. Nxd4 Nxd4 11. cxd4 Bxb3 12. Qxb3 e6 13. Nc3 Be7 14. d5 Nxd5 15. Rd1 O-O 16. Nxd5 exd5 17. Rxd5 Qe6 18. Be3 b6 19. Rad1 Rad8 20. Rxd8 Rxd8 21. Rxd8+ Bxd8 22. Qxe6 fxe6 23. Kf1 a6 24. Ke2 Kf7 25. Kd3 Ke8 26. Ke4 b5 27. b3 Be7 28. h3 h5 29. g4 hxg4 30. hxg4 Bd6 31. f4 g6 32. Bd4 Bc7 33. Be5 Bd8 34. Bb8 Bf6 35. Ba7 Bc3 36. Bd4 Bb4 37. Ke5 Ke7 38. Ke4 1/2-1/2

[Event "ESP-ch Teams Primera 2022"]
[Site "Sanxenxo Pontevedra"]
[Date "2022.09.18"]
[Round "2.8"]
[White "Pulvett Marin, Daniel Eduardo"]
[Black "Rubio Mejia, Luis Ignacio"]
[Result "1-0"]
[ECO "E10"]
[WhiteElo "2497"]
[BlackElo "2399"]
[Annotator "ChessBase"]
[PlyCount "97"]
[EventDate "2022.09.17"]
[EventType "team-tourn"]
[EventCountry "ESP"]
[SourceTitle "playchess.com"]
[Source "ChessBase"]
[SourceQuality "1"]
[TimeControl "5400+30"]

1. d4 Nf6 2. c4 e6 3. Nf3 d5 4. g3 Bb4+ 5. Bd2 Bd6 6. Nc3 c6 7. Qc2 Bc7 8. e4 dxc4 9. e5 Nd5 10. Bxc4 h6 11. Ne4 Nd7 12. Be2 Qe7 13. O-O O-O 14. Rfe1 Rd8 15. Rac1 Nf8 16. Kh1 f5 17. exf6 Nxf6 18. b4 Nxe4 19. Qxe4 Bd7 20. Qg4 Qf6 21. Bc4 Be8 22. Bc3 Qg6 23. Qh3 Qf5 24. Qg2 Bf7 25. Ne5 Bxe5 26. Rxe5 Qg6 27. Rce1 Qc2 28. R5e3 Qg6 29. Bd3 Qg5 30. Re5 Qe7 31. Bc4 Qf6 32. f4 Rd5 33. Bxd5 cxd5 34. f5 exf5 35. Qf3 f4 36. gxf4 Ng6 37. f5 Nxe5 38. dxe5 Qc6 39. Bd4 Qc4 40. Qf4 Bh5 41. e6 Qd3 42. Re3 Qd1+ 43. Kg2 Rc8 44. Rg3 g5 45. Rxg5+ hxg5 46. Qxg5+ Kf8 47. Qg7+ Ke8 48. Qd7+ Kf8 49. e7+ 1-0

[Event "ESP-ch Teams Primera 2022"]
[Site "Sanxenxo Pontevedra"]
[Date "2022.09.18"]
[Round "2.9"]
[White "Almagro Llamas, Pablo"]
[Black "Alonso Garcia, Aaron"]
[Result "1/2-1/2"]
[ECO "E16"]
[WhiteElo "2407"]
[BlackElo "2427"]
[Annotator "ChessBase"]
[PlyCount "61"]
[EventDate "2022.09.17"]
[EventType "team-tourn"]
[EventCountry "ESP"]
[SourceTitle "playchess.com"]
[Source "ChessBase"]
[SourceQuality "1"]
[TimeControl "5400+30"]

1. d4 Nf6 2. c4 e6 3. Nf3 Bb4+ 4. Bd2 Qe7 5. g3 Bxd2+ 6. Qxd2 Nc6 7. Nc3 d5 8. cxd5 exd5 9. Bg2 O-O 10. O-O h6 11. Rac1 Re8 12. Ne1 Bg4 13. Nc2 Qe6 14. Ne3 Bh3 15. Ncxd5 Bxg2 16. Nxf6+ Qxf6 17. Kxg2 Nxd4 18. Rc3 c6 19. Rxc6 Rad8 20. Rc3 Nf5 21. Qc1 Nxe3+ 22. Rxe3 Rxe3 23. Qxe3 Qxb2 24. Qxa7 Qxe2 25. Qxb7 Qxa2 26. h4 Qd5+ 27. Qxd5 Rxd5 28. Re1 h5 29. Re3 g6 30. Re2 Kg7 31. Re3 1/2-1/2